 Dungeon Crawl Stone Soup version 0.21.1-1-g345015fe64 (webtiles) character file.

319 Peloso the Shield-Bearer (level 6, -3/53 HPs)
             Began as a Minotaur Fighter on Feb 28, 2018.
             Slain by Duvessa
             ... wielding a +0 rapier
              (8 damage)
             ... on level 4 of the Dungeon.
             The game lasted 00:06:17 (2370 turns).

Peloso the Shield-Bearer (Minotaur Fighter)         Turns: 2370, Time: 00:06:18

Health: -3/53      AC: 16    Str: 26    XL:     6   Next: 21%
Magic:  5/5        EV:  3    Int:  5    God:
Gold:   146        SH: 11    Dex: 11    Spells: 5/5 levels left

rFire    + . .     SeeInvis .   a - +0 long sword
rCold    + . .     Gourm    .   c - +0 shield
rNeg     . . .     Faith    .   h - +1 gold dragon scales
rPois    +         Spirit   .   (helmet restricted)
rElec    .         Reflect  .   n - +0 cloak
rCorr    .         Harm     .   (no gloves)
MR       .....                  (no boots)
Stlth    ..........             (no amulet)
HPRegen  0.17/turn              (no ring)
MPRegen  0.09/turn              (no ring)

@: mighty
A: retaliatory headbutt, horns 2
a: no special abilities


You were on level 4 of the Dungeon.
You were not hungry.

You visited 1 branch of the dungeon, and saw 4 of its levels.

You collected 146 gold pieces.

Inventory:

Hand Weapons
 a - a +0 long sword (weapon)
 e - a +1 hand axe of chopping
Armour
 b - a +0 scale mail
 c - a +0 shield (worn)
 h - +1 gold dragon scales (worn)
 n - a +0 cloak (worn)
Wands
 l - a wand of random effects (20)
Scrolls
 i - 2 scrolls of amnesia
 m - 3 scrolls of teleportation
 p - a scroll of enchant weapon {unknown}
 u - a scroll of magic mapping
Potions
 d - 2 potions of might
 g - a potion of invisibility
 j - a potion of flight
 o - a potion of heal wounds {unknown}
 q - 2 potions of brilliance {unknown}
 r - a potion of cancellation {unknown}
 s - 2 potions of haste {unknown}
 t - a potion of agility {unknown}
Comestibles
 f - 5 rations
 k - a chunk of flesh


   Skills:
 + Level 4.5 Fighting
 + Level 4.3 Long Blades
 + Level 5.0 Armour
 + Level 0.6 Dodging
 + Level 6.0 Shields


You had 5 spell levels left.
You didn't know any spells.

Dungeon Overview and Level Annotations

Branches:
Dungeon (4/15)
 Temple: D:4-7

Altars:
Ashenzari
Qazlal
Wu Jian
Yredelemnul

Annotations:
D:4 Duvessa


Innate Abilities, Weirdness & Mutations

You reflexively headbutt those who attack you in melee.
You have a pair of horns on your head.


Message History

Duvessa hits you with a rapier!
You hit Duvessa.
Duvessa is lightly wounded.
You block Duvessa's attack. Duvessa hits you with a rapier.
You feel very mighty all of a sudden. You block Duvessa's attack.
You closely miss Duvessa. You headbutt Duvessa!
Duvessa is moderately wounded.
Duvessa hits you but does no damage. Duvessa barely misses you.
Your gold dragon scales prevents you from hitting Duvessa.
You headbutt Duvessa!
Duvessa is heavily wounded.
Duvessa hits you but does no damage. Duvessa hits you with a rapier!
* * * LOW HITPOINT WARNING * * *
Your shield and gold dragon scales prevent you from hitting Duvessa.
You headbutt Duvessa.
Duvessa is heavily wounded.
Duvessa barely misses you. You furiously retaliate!
You headbutt Duvessa. Duvessa hits you with a rapier!
You die...

##≈≈. ### ##. ≈≈≈ . #..
#≈###≈≈ ..#####.##
+##≈#≈≈≈≈ .........#
#.≈≈≈≈≈≈≈ .........#
###≈≈≈≈≈≈≈ .........#
#≈≈≈≈#≈≈≈≈ ......)..#
##≈≈≈.8≈≈.. ######@##
#..≈≈..(..<
.......e.#####.#≈≈.≈≈≈..
...............≈≈≈≈.≈≈≈≈
...?...........#≈≈≈≈≈≈≈≈
#######.#........≈≈≈≈≈≈≈
.?.#.......#≈≈≈≈≈≈≈
#####......###≈≈≈≈≈≈
#.......###.≈≈≈≈
#........#.##≈≈.


You could see Duvessa (berserk).

Vanquished Creatures
  Dowan (D:4)
  Crazy Yiuf (D:2)
  2 centaur skeletons
  8 adders
  3 oozes
  A worm (D:2)
  8 dart slugs
  2 leopard geckos (D:1)
  4 orcs (D:3)
  6 bats
  3 giant cockroaches
  13 goblins
  12 hobgoblins
  A ball python (D:1)
  7 frilled lizards
  2 gnoll zombies (D:2)
  A kobold (D:3)
  7 rats
82 creatures vanquished.

Vanquished Creatures (others)
  A goblin (D:2)
  A rat (D:2)
2 creatures vanquished.

Grand Total: 84 creatures vanquished

Notes
Turn   | Place    | Note
-------+----------+-------------------------------------------
     0 | D:1      | Peloso the Minotaur Fighter began the quest for the Orb.
     0 | D:1      | Reached XP level 1. HP: 19/19 MP: 0/0
   114 | D:1      | Reached XP level 2. HP: 27/27 MP: 1/1
   146 | D:1      | Reached skill level 4 in Shields
   584 | D:1      | Reached XP level 3. HP: 31/33 MP: 2/2
   796 | D:2      | Reached XP level 4. HP: 35/40 MP: 3/3
   840 | D:2      | Found a stormy altar of Qazlal.
  1290 | D:2      | Found a basalt altar of Yredelemnul.
  1502 | D:2      | Found a runed door.
  1506 | D:2      | Noticed Crazy Yiuf
  1523 | D:2      | Killed Crazy Yiuf
  1550 | D:2      | You fall through a shaft!
  1564 | D:3      | Reached XP level 5. HP: 46/47 MP: 4/4
  1577 | D:3      | Found an ornate altar of the Wu Jian Council.
  1669 | D:3      | Found a shattered altar of Ashenzari.
  1688 | D:3      | Reached skill level 5 in Shields
  1857 | D:3      | Reached skill level 5 in Armour
  2295 | D:4      | Reached XP level 6. HP: 53/53 MP: 5/5
  2353 | D:4      | Noticed Duvessa
  2354 | D:4      | Noticed Dowan
  2362 | D:4      | Killed Dowan
  2362 | D:4      | Reached skill level 6 in Shields
  2370 | D:4      | Slain by Duvessa

Skill      XL: |  1  2  3  4  5  6 |
---------------+-------------------+-----
Armour         | 4 5 |  5.0
Shields        | 4 5 6 |  6.0
Fighting       | 4 |  4.5
Long Blades    | 3 4 |  4.3
Dodging        | |  0.6

Action                   |  1- 3 |  4- 6 || total
-------------------------+-------+-------++-------
Melee: Long sword        |    63 |   200 ||   263
       Headbutt          |     9 |    38 ||    47
  Use: Scroll            |     3 |     6 ||     9
       Potion            |       |     1 ||     1
  Eat: Chunk             |       |     5 ||     5
Armor: Scale mail        |    16 |       ||    16
       Gold dragon scale |    26 |   151 ||   177
Dodge: Dodged            |    12 |    11 ||    23
Block: Shield            |    39 |   122 ||   161
       Rpst.: Long sword |     3 |     1 ||     4
